 Dungeon Crawl Stone Soup version 0.30.0 (webtiles) character file.

Game seed: 15862705954090717858

17794 Hubris850 the Severer (level 12, -1/94 HPs)
             Began as a Hill Orc Fighter on May 5, 2023.
             Was a Priest of the Shining One.
             Slain by a water moccasin (2 damage)
             ... on level 3 of the Lair of Beasts.
             The game lasted 00:29:06 (13689 turns).

Hubris850 the Severer (Hill Orc Fighter)           Turns: 13689, Time: 00:29:07

Health: -1/94      AC: 13    Str: 24    XL:     12   Next: 51%
Magic:  19/19      EV:  9    Int:  8    God:    the Shining One [***...]
Gold:   779        SH:  6    Dex: 10    Spells: 11/11 levels left

rFire   . . .        M - +3 war axe (freeze)
rCold   . . .        c - +1 buckler
rNeg    + + .        b - +0 scale mail
rPois   .            h - +2 helmet
rElec   .            q - +0 cloak
rCorr   .            (no gloves)
SInv    .            V - +0 pair of boots
Will    +....        l - amulet of faith Stlth
                     m - ring of positive energy
HPRegen 0.35/turn    R - ring of willpower
MPRegen 0.16/turn

%: faith
@: lethally poisoned (-1 -> -66), glowing
A: no striking features
a: Renounce Religion, Divine Shield, Cleansing Flame


You were on level 3 of the Lair of Beasts.
You worshipped the Shining One.
The Shining One was most pleased with you.
You visited 3 branches of the dungeon, and saw 13 of its levels.
You also visited: Sewer.

You collected 869 gold pieces.
You spent 90 gold pieces at shops.

Inventory:

Hand Weapons
 C - a +0 hand axe of flaming
 M - a +3 war axe of freezing (weapon)
Missiles
 e - 57 stones (quivered)
 J - a curare-tipped dart
 K - 13 poisoned darts
Armour
 b - a +0 scale mail (worn)
 c - a +1 buckler (worn)
 h - a +2 helmet (worn)
 q - a +0 cloak (worn)
 V - a +0 pair of boots (worn)
Jewellery
 l - an amulet of faith (around neck)
 m - a ring of positive energy (left hand)
 R - a ring of willpower (right hand)
Wands
 r - a wand of mindburst (11)
 B - a wand of roots (22)
 H - a wand of light (10)
 O - a wand of paralysis (11)
 Z - a wand of polymorph (3)
Scrolls
 d - a scroll of fear
 j - 10 scrolls of teleportation
 n - 2 scrolls of fog
 s - 2 scrolls of poison
 t - 3 scrolls of magic mapping
 I - 3 scrolls of enchant armour
 W - a scroll of butterflies
Potions
 f - 3 potions of curing
 i - 3 potions of invisibility
 o - 2 potions of haste
 v - 2 potions of heal wounds
 A - 6 potions of flight
 E - 3 potions of brilliance
 G - 2 potions of resistance
 N - a potion of mutation {unknown}
 S - a potion of might
Miscellaneous
 Q - a lightning rod (4/4)
 T - a phantom mirror


   Skills:
 + Level 5.0 Fighting
 - Level 16.0 Axes
 - Level 8.0 Throwing
 + Level 6.6 Armour
 + Level 6.6 Shields
 - Level 10.0 Invocations
 - Level 8.0 Evocations


You had 11 spell levels left.
You didn't know any spells.
Your spell library contained the following spells:

 Spells                   Type           Power      Damage    Failure   Level
 Apportation              Tloc           0%         N/A       75%         1
 Necrotise                Necr           0%         1d4       75%         1
 Sandblast                Erth           0%         2d4       75%         1
 Summon Small Mammal      Summ           0%         N/A       75%         1
 Lesser Beckoning         Tloc           0%         N/A       86%         2
 Passwall                 Tmut/Erth      0%         N/A       86%         2
 Call Canine Familiar     Summ           0%         N/A       98%         3
 Gell's Gravitas          Tloc           0%         N/A       98%         3
 Portal Projectile        Hex/Tloc       0%         N/A       98%         3
 Stone Arrow              Conj/Erth      0%         3d7       98%         3
 Teleport Other           Tloc           0%         N/A       98%         3
 Anguish                  Hex/Necr       0%         N/A       100%        4
 Cause Fear               Hex            0%         N/A       100%        4
 Leda's Liquefaction      Hex/Erth       0%         N/A       100%        4
 Fireball                 Conj/Fire      0%         3d3       100%        5
 Iskenderun's Battlesphe  Conj           0%         2d6       100%        5
 Conjure Ball Lightning   Conj/Air       0%         3x3d6     100%        6
 Enfeeble                 Hex            0%         N/A       100%        7
 Orb of Destruction       Conj           0%         9d5       100%        7


Dungeon Overview and Level Annotations

Branches:
Dungeon (9/15)             Temple (1/1) D:5            Lair (3/5) D:9
  Swamp (0/4) Lair:2        Snake (0/4) Lair:3          Orc (0/2) D:9
  Sewer (visited)

Altars:
Ashenzari
Cheibriados
Dithmenos
Elyvilon
Hepliaklqana
Qazlal
Sif Muna
Uskayaw
Wu Jian
Xom
The Shining One

Shops:
D:2 [   D:3 ?   D:5 ?

Annotations:
D:6 exclusion: door
Lair:3 2 transporters, Brasilia's ghost, novice FeWn


Message History

The black mamba bites you!
You are more poisoned.
The black mamba poisons you! You block the black mamba's attack.
You hit the black mamba but do no damage.
The black mamba is heavily wounded.
You completely miss the water moccasin. You slash the black mamba!
You freeze the black mamba.
You feel very sick. The black mamba bites you.
The water moccasin bites you but does no damage.
You closely miss the water moccasin. You hit the black mamba.
The black mamba seems to slow down.
You freeze the black mamba. You hit the black mamba.
You freeze the black mamba.
You feel very sick. The black mamba closely misses you.
The black mamba bites you. The black mamba bites you!
You are more poisoned.
The black mamba poisons you!
You slash the black mamba! You freeze the black mamba.
The black mamba is almost dead.
You barely miss the water moccasin. You completely miss the black mamba.
You feel very sick. The black mamba bites you!
* * * LOW HITPOINT WARNING * * *
You are more poisoned.
The black mamba poisons you! The black mamba barely misses you.
The water moccasin closely misses you.
You hit the black mamba but do no damage.
The black mamba is almost dead.
You completely miss the black mamba. You hit the water moccasin.
You freeze the water moccasin. You closely miss the water moccasin.
* * * LOW HITPOINT WARNING * * *
You feel extremely sick. The water moccasin barely misses you.
The black mamba bites you but does no damage.
The black mamba bites you!
* * * LOW HITPOINT WARNING * * *
You are more poisoned.
The black mamba poisons you! The water moccasin bites you.
You die...

#####..## .......
.......... ##
......... #..
......... #..
##.........
###.###.#........
#......P.........
...##.SS...).......
.>.P..S@#.P.....)..
.(...#S##.#<.......
.... ## ###........
#. #......##
#......# #......#
......## ##...
......# #...## #
#....##


You could see 2 black mambas and 2 water moccasins.

Vanquished Creatures
  Josephine (Lair:3)
  A two-headed ogre (D:9)
  4 death yaks (Lair:3)
  A skyshark (Lair:3)
  A black mamba (Lair:2)
  5 cane toads
  4 komodo dragons
  A troll (D:9)
  A polar bear (Lair:3)
  8 blink frogs
  5 dream sheep (Lair:3)
  15 yaks
  4 wyverns
  3 wraiths (Lair:3)
  2 basilisks (Lair:1)
  2 steam dragons
  6 water moccasins
  4 ice beasts
  2 sky beasts
  3 black bears
  5 centaurs
  2 ogres
  2 phantoms
  A kobold brigand (D:7)
  10 bullfrogs
  9 wights
  8 killer bees (D:8)
  A hound (D:6)
  A gnoll bouda (D:6)
  5 orc priests
  Crazy Yiuf (D:2)
  4 jellies
  An iguana (D:5)
  A sleepcap (D:7)
  3 orc wizards
  4 gnolls (D:6)
  11 adders
  6 river rats (Sewer)
  2 shadow imps
  2 worms
  3 dart slugs
  34 orcs
  5 endoplasms
  3 giant cockroaches
  4 goblins
  5 hobgoblins
  5 jackals
  13 kobolds
  7 quokkas
  7 ball pythons
  10 bats
  2 frilled lizards
  5 rats
255 creatures vanquished.

Vanquished Creatures (others)
  2 fungi (Lair:2)
  A plant (Lair:2)
3 creatures vanquished.

Grand Total: 258 creatures vanquished

Notes
Turn   | Place    | Note
-------+----------+-------------------------------------------
     0 | D:1      | Hubris850 the Hill Orc Fighter began the quest for the Orb.
     0 | D:1      | Reached XP level 1. HP: 19/19 MP: 1/1
   136 | D:1      | Reached skill level 3 in Axes
   136 | D:1      | Reached XP level 2. HP: 27/27 MP: 2/2
   862 | D:2      | Reached XP level 3. HP: 32/33 MP: 3/3
  1020 | D:2      | Found Xahat's Antique Armour Shoppe.
  1194 | D:2      | Reached skill level 1 in Throwing
  1194 | D:2      | Reached XP level 4. HP: 10/40 MP: 4/4
  1520 | D:2      | Found a runed translucent door.
  1521 | D:2      | Noticed Crazy Yiuf
  1543 | D:2      | Killed Crazy Yiuf
  1652 | D:3      | Found Xuunibb's Magic Scroll Emporium.
  1663 | D:3      | Reached XP level 5. HP: 35/46 MP: 5/5
  1712 | D:3      | Reached skill level 4 in Axes
  1744 | D:3      | Bought a scroll of enchant armour for 90 gold pieces
  2077 | D:3      | Found a hide-covered altar of Uskayaw.
  2476 | D:4      | Found a glowing drain.
  2480 | Sewer    | Entered a sewer
  2693 | Sewer    | Reached XP level 6. HP: 51/52 MP: 6/6
  3390 | D:4      | Reached skill level 5 in Axes
  3390 | D:4      | Reached skill level 5 in Armour
  3397 | D:4      | Reached skill level 5 in Shields
  3397 | D:4      | Reached XP level 7. HP: 48/59 MP: 7/7
  4455 | D:5      | Entered Level 5 of the Dungeon
  4461 | D:5      | Found Cimeos's Magic Scroll Shoppe.
  4479 | D:5      | Reached skill level 6 in Axes
  4497 | D:5      | Found a staircase to the Ecumenical Temple.
  4632 | Temple   | Entered the Ecumenical Temple
  4718 | Temple   | Became a worshipper of the Shining One
  4769 | D:5      | Reached XP level 8. HP: 65/66 MP: 8/8
  5054 | D:5      | You fall into a shaft and drop 2 floors!
  5110 | D:7      | Reached skill level 7 in Axes
  5196 | D:6      | Found a snail-covered altar of Cheibriados.
  5591 | D:5      | Found an ornate altar of the Wu Jian Council.
  5937 | D:6      | Reached skill level 8 in Axes
  5942 | D:6      | Reached skill level 5 in Throwing
  5991 | D:6      | HP: 3/66 [acid (5)]
  6034 | D:5      | Reached XP level 9. HP: 17/71 MP: 9/9
  6219 | D:6      | Reached skill level 9 in Axes
  6639 | D:6      | Reached * piety under the Shining One
  6853 | D:6      | Found a shimmering blue altar of Sif Muna.
  7294 | D:7      | Reached skill level 10 in Axes
  7963 | D:8      | Reached skill level 11 in Axes
  8174 | D:8      | Reached XP level 10. HP: 78/78 MP: 10/10
  8193 | D:8      | Reached skill level 12 in Axes
  8903 | D:8      | Identified the +6 falchion "Isero" {heavy, rN+ Str+4 Dex-5}
  9019 | D:9      | Found a staircase to the Orcish Mines.
  9026 | D:9      | Found a staircase to the Lair.
  9061 | D:9      | Reached ** piety under the Shining One
  9217 | D:9      | Found a stormy altar of Qazlal.
  9277 | D:9      | Found a broken altar of Ashenzari.
  9328 | D:9      | Noticed a two-headed ogre
  9338 | D:9      | Reached skill level 13 in Axes
  9340 | D:9      | Killed a two-headed ogre
  9532 | D:9      | Reached skill level 14 in Axes
  9600 | D:9      | Reached skill level 1 in Invocations
  9654 | D:9      | Found a shimmering altar of Xom.
  9934 | Lair:1   | Entered Level 1 of the Lair of Beasts
 10094 | Lair:1   | Noticed a cane toad
 10104 | Lair:1   | Killed a cane toad
 10292 | Lair:1   | Noticed a cane toad
 10301 | Lair:1   | Killed a cane toad
 10502 | Lair:1   | Reached skill level 5 in Invocations
 10502 | Lair:1   | Reached XP level 11. HP: 84/84 MP: 14/14
 10505 | Lair:1   | Reached skill level 15 in Axes
 11598 | Lair:2   | Reached skill level 16 in Axes
 11865 | Lair:2   | Reached skill level 1 in Evocations
 11959 | Lair:2   | Found a staircase to the Swamp.
 11968 | Lair:2   | Reached *** piety under the Shining One
 11973 | Lair:2   | Reached skill level 10 in Invocations
 12348 | Lair:3   | Noticed Josephine
 12359 | Lair:3   | Killed Josephine
 12360 | Lair:3   | Reached skill level 5 in Evocations
 12360 | Lair:3   | Reached XP level 12. HP: 81/91 MP: 8/19
 12436 | Lair:3   | Noticed a death yak
 12437 | Lair:3   | Noticed a death yak
 12441 | Lair:3   | Noticed a death yak
 12443 | Lair:3   | Noticed a death yak
 12449 | Lair:3   | Killed a death yak
 12459 | Lair:3   | The Shining One protects you from harm!
 12467 | Lair:3   | Killed a death yak
 12470 | Lair:3   | Killed a death yak
 12476 | Lair:3   | Killed a death yak
 12788 | Lair:3   | Found a transporter.
 13042 | Lair:3   | Found a transporter.
 13043 | Lair:3   | Noticed Brasilia's ghost (novice FeWn)
 13114 | Lair:3   | Noticed a skyshark
 13124 | Lair:3   | Killed a skyshark
 13215 | Lair:3   | Identified the +9 trident "Qosunuveis" {freeze, rF+++ Will-
                  | Str+5}
 13242 | Lair:3   | Reached skill level 5 in Fighting
 13679 | Lair:3   | Found a staircase to the Snake Pit.
 13689 | Lair:3   | HP: 1/94 [black mamba (12)]
 13689 | Lair:3   | Slain by a water moccasin

Illustrated notes

Levels and vault maps discovered:
D:1:      kennysheep_arrival_seaside, layout_loops_ring, st_stairs_8
D:2:      layout_rooms, serial_shops, nicolae_shop_trees,
          uniq_crazy_yiuf_cottage
D:3:      layout_loops_ring, mainiacjoe_overflow_tiny_flanked, serial_shops,
          nicolae_shop_tiny_statue_garden, st_stairs_9
D:4:      minmay_chambers_of_fours, layout_loops_corners, gup_sewer_entry_bowl
D:5:      layout_loops_ring, kennysheep_little_box,
          minmay_temple_entry_statues_pillars, serial_shops, shop
D:6:      layout_gridville, led_sif_book, kennysheep_slug_shrine
D:7:      layout_basic, hangedman_decor_slide_cut
D:8:      layout_basic
D:9:      layout_stronghold, lemuel_doored_altar, lemuel_coloured_pillars_altar,
          mainiacjoe_overflow_concentric_impassable, lair_entry_dummy,
          orc_0_dummy
Temple:   minmay_temple_curvy_branch
Lair:1:   layout_hall_layers, grunt_megastairs_2
Lair:2:   layout_loops_ring, swamp_mist
Lair:3:   layout_cave_pods, minmay_snake_entry_six_corridors,
          gammafunk_ghost_hive, grunt_megastairs_4, uniq_josephine

Skill      XL: |  1  2  3  4  5  6  7  8  9 10 11 12 |
---------------+-------------------------------------+-----
Axes           | 3 4 5 6 8 11 14 16 | 16.0
Fighting       | 4 5 |  5.0
Throwing       | 1 2 3 5 7 8 |  8.0
Armour         | 4 5 6 |  6.6
Shields        | 4 5 6 |  6.6
Invocations    | 5 10 | 10.0
Evocations     | 5 8 |  8.0

Action                     |  1- 3 |  4- 6 |  7- 9 | 10-12 || total
---------------------------+-------+-------+-------+-------++-------
  Melee: War axe           |   122 |   220 |   156 |   269 ||   767
         Hand axe          |       |       |   210 |       ||   210
  Throw: Stone             |    13 |     5 |    17 |    24 ||    59
 Invoke: Cleansing Flame   |       |       |       |     5 ||     5
         Divine Shield     |       |       |       |     2 ||     2
  Evoke: Wand              |       |       |     1 |     2 ||     3
    Use: Potion            |       |     1 |     9 |     1 ||    11
         Scroll            |       |     2 |     5 |    10 ||    17
 Armour: Scale mail        |    64 |   132 |   201 |    75 ||   472
         Skin              |       |    12 |       |       ||    12
  Dodge: Dodged            |    43 |    85 |   140 |    69 ||   337
  Block: Buckler           |    26 |    77 |   115 |    77 ||   295
